 Dungeon Crawl Stone Soup version 0.31-a0-200-gbc41564c69 (webtiles) character file.

Game seed: 15113286999556717532

126 qw the Skirmisher (level 4, -6/25 HPs)
             Began as a Deep Elf Hunter on June 25, 2023.
             Mangled by Grinder (7 damage)
             ... on level 2 of the Dungeon.
             The game lasted 00:00:40 (1885 turns).

qw the Skirmisher (Deep Elf Hunter)                 Turns: 1885, Time: 00:00:41

Health: -6/25      AC:  4    Str: 10    XL:     4   Next: 84%
Magic:  6/6        EV: 12    Int: 14    God:
Gold:   73         SH:  0    Dex: 18    Spells: 3/3 levels left

rFire   . . .        Y - +0 shortbow
rCold   . . .        (shield currently unavailable)
rNeg    . . .        c - +0 leather armour
rPois   .            (no helmet)
rElec   .            (no cloak)
rCorr   .            f - +0 pair of gloves
SInv    .            (no boots)
Will    .....        (no amulet)
Stlth   ++           (no ring)
HPRegen 0.24/turn    (no ring)
MPRegen 0.10/turn

%: no passive effects
@: about to teleport
A: no striking features
a: no special abilities


You were on level 2 of the Dungeon.
You visited 1 branch of the dungeon, and saw 3 of its levels.

You collected 73 gold pieces.


   Skills:
 - Level 1.5 Fighting
 + Level 8.2 Ranged Weapons
 - Level 2.4 Dodging
 - Level 1.2 Stealth


You had 3 spell levels left.
You didn't know any spells.
Your spell library was empty.

Inventory:

Hand Weapons
 Y - a +0 shortbow (weapon)
Armour
 c - a +0 leather armour (worn)
 f - a +0 pair of gloves (worn)
Scrolls
 g - 2 scrolls of teleportation
 j - a scroll of identify
Potions
 e - a potion of heal wounds
 k - a potion of curing

Dungeon Overview and Level Annotations

Branches:
Dungeon (3/15)

Altars:

Annotations:
D:2 Grinder


Message History

k - a potion of curing;
1873 ||| IDENTIFYING fizzy ruby potion Done exploring.
(D) Dungeon
Where to? (* - list waypoints, Enter - D:3, ? - help)
What level of the Dungeon? (default 1, ? - help)
You climb downwards.
Level annotation: Grinder Grinder blinks!
Grinder zaps a wand.
The puff of flame misses you.
There is a stone staircase leading up here.
You shoot an arrow. The arrow closely misses Grinder.
You shoot an arrow. The arrow closely misses Grinder.
Grinder gestures at you. Pain shoots through your body!
1878 ||| STAIRDANCE Grinder misses you.
You climb upwards.
There is a stone staircase leading down here.
You shoot an arrow. The arrow hits Grinder.
Grinder is lightly wounded.
Grinder closely misses you.
You shoot an arrow. The arrow hits Grinder.
Grinder is moderately wounded.
Grinder barely misses you.
You shoot an arrow. The arrow completely misses Grinder.
Grinder hits you.
You shoot an arrow. The arrow hits Grinder.
Grinder is moderately wounded.
Grinder says, "You look like you could use a good racking."
Grinder closely misses you.
You shoot an arrow.
The arrow hits Grinder but does no damage.
Grinder is moderately wounded.
Grinder gestures at you. Pain shoots through your body!
Ouch! That really hurt!
1885 ||| READING 3 scrolls of teleportation.
As you read the scroll of teleportation, it crumbles to dust.
You feel strangely unstable. Grinder hits you!
You die...

#.#.# #.# #.#.# ##
##########.#.#####.### #.#.#
.# #.............##...>.#
#.#.# .#
#.########.###.#.###.# #.#.#
.# #.# #.## ##..# #.####....
.# #.# #.# #..###.#....... .#
#.# #.## ##......#.####.# .#
#.# ##.###.###.###.# #.# ##
#.# #.5@.## #.# #.# #.#
#.###### #.#### #.###.# #..
#......# #.# #.%...# ###
#..###.# #.# #####.# ##.# #.#
#.###########.###### #.# #.#
#.#.................
###.###.###.#.#.#.#####.......
####...................#
###.####
(..........##..#.#.#.#.#
###.####


You could see Grinder.

Vanquished Creatures
  Jessica (D:2)
  Natasha (D:3)
  2 adders
  A worm (D:2)
  A dart slug (D:2)
  6 bats
  4 endoplasms
  2 giant cockroaches
  8 goblins (D:1)
  2 hobgoblins
  3 jackals (D:1)
  2 quokkas
  8 ball pythons
  4 frilled lizards
  2 kobolds
  4 rats
51 creatures vanquished.

Notes
Turn   | Place    | Note
-------+----------+-------------------------------------------
     0 | D:1      | qw the Deep Elf Hunter began the quest for the Orb.
     0 | D:1      | Reached XP level 1. HP: 12/12 MP: 3/3
     0 | D:1      | 0 ||| qw: Version: 0.3-a-22-g0ed2b0b
     0 | D:1      | 0 ||| qw: Game counter: 5585
     0 | D:1      | 0 ||| qw: Melee chars always use a shield: true
     0 | D:1      | 0 ||| qw: God list: Okawaru
     0 | D:1      | 0 ||| qw: Allow faded altars: false
     0 | D:1      | 0 ||| qw: Do Orc after clearing Dungeon:15 true
     0 | D:1      | 0 ||| qw: Do second Lair branch before Depths: true
     0 | D:1      | 0 ||| qw: Lair rune preference: random
     0 | D:1      | 0 ||| qw: Goals: Normal
     0 | D:1      | 0 ||| PLANNING D:1-11
    49 | D:1      | Reached XP level 2. HP: 15/16 MP: 4/4
    56 | D:1      | Reached skill level 6 in Ranged Weapons
   557 | D:1      | Reached XP level 3. HP: 20/20 MP: 5/5
   783 | D:1      | 783 ||| UPGRADING to +0 pair of gloves.
   788 | D:1      | 788 ||| DROPPING scarf of harm.
   789 | D:1      | 789 ||| READING scroll labelled VAFEIMAERCH.
   790 | D:1      | 790 ||| READING 2 scrolls labelled BONWE RUSAI.
   795 | D:1      | 795 ||| READING scroll labelled PORINA HYHU.
   796 | D:1      | 796 ||| READING 2 scrolls labelled CISUETEKYM.
   797 | D:1      | 797 ||| READING scroll labelled HUICUR AMUSIN.
   834 | D:1      | 834 ||| DROPPING scroll of butterflies.
  1019 | D:2      | Reached skill level 7 in Ranged Weapons
  1210 | D:2      | Noticed Jessica
  1220 | D:2      | Killed Jessica
  1221 | D:2      | Reached XP level 4. HP: 16/25 MP: 6/6
  1535 | D:2      | 1535 ||| READING scroll labelled AROIZX DAFU.
  1536 | D:2      | 1536 ||| READING 2 scrolls of identify.
  1536 | D:2      | 1536 ||| IDENTIFYING glowing red potion
  1585 | D:3      | HP: 6/25 [poisoned by an adder]
  1716 | D:3      | Noticed Natasha
  1720 | D:3      | Killed Natasha
  1721 | D:3      | Reached skill level 8 in Ranged Weapons
  1834 | D:3      | Noticed Grinder
  1836 | D:3      | 1836 ||| FLEEEEING.
  1837 | D:3      | 1837 ||| STAIRDANCE
  1873 | D:2      | 1873 ||| READING 2 scrolls of identify.
  1873 | D:2      | 1873 ||| IDENTIFYING fizzy ruby potion
  1878 | D:3      | 1878 ||| STAIRDANCE
  1884 | D:2      | HP: 1/25 [Grinder/nerve-wracking pain (13)]
  1885 | D:2      | 1885 ||| READING 3 scrolls of teleportation.
  1885 | D:2      | Mangled by Grinder

Levels and vault maps discovered:
D:1:      beargit_arrival_diablo_church, layout_loops_ring,
          kennysheep_small_spiral
D:2:      layout_loops_ring, minivault_25, uniq_jessica
D:3:      layout_basic, nicolae_overflow_ecumenical_swirl,
          ebering_ecumenical_altar_sacrificial, minivault_27, uniq_natasha,
          uniq_grinder

Skill      XL: |  1  2  3  4 |
---------------+-------------+-----
Ranged Weapons | 6 7 8 |  8.2
Fighting       | |  1.5
Dodging        | |  2.4
Stealth        | |  1.2

Action                     |  1- 3 |  4- 6 || total
---------------------------+-------+-------++-------
   Fire: Shortbow          |   119 |    36 ||   155
    Use: Scroll            |     5 |     4 ||     9
 Armour: Leather armour    |     6 |     2 ||     8
  Dodge: Dodged            |    27 |     8 ||    35

Table legend:
 A = Non-vault XP
 B = Vault XP
 C = Vault XP percentage of total XP
 D = Non-vault monster count
 E = Vault monster count
 F = Vault count percentage of total count
                 A         B        C        D         E       F
            +---------+---------+-------+---------+---------+-------
      Total |     108 |      73 |  40.3 |      49 |       2 |   3.9
            +---------+---------+-------+---------+---------+-------
        D:1 |      53 |       0 |   0.0 |      32 |       0 |   0.0
        D:2 |      41 |      37 |  47.4 |      15 |       1 |   6.2
        D:3 |      14 |      36 |  72.0 |       2 |       1 |  33.3
            +---------+---------+-------+---------+---------+-------
